Description

Ravager All in ZvP

Build Order

Get SALT Encoding   

  13  0:12  Overlord  
  17  0:52  Hatchery  
  18  1:12  Spawning Pool  
  17  1:13  Extractor  
  20  1:55  Overlord  
  20  1:59  Queen  
  22  2:07  Queen  
  28  2:15  Metabolic Boost  
  30  2:33  Overlord  
  34  3:03  Zergling x2  
  34  3:05  Zergling x2  
  39  3:16  Overlord  
  42  3:21  Roach Warren  
  41  3:34  Extractor x2  
  39  3:35  Extractor  
  43  3:47  Spore Crawler  
  42  3:56  Spore Crawler  
  42  4:00  Overlord  
  43  4:03  Roach  x6
  55  4:20  Overlord x2  
  55  4:30  Roach  x6
  63  5:09  Ravager  x12
Spawning Tool Build Advisor. Get it on Overwolf

Go to:

Details

  • Created by: Ortek
  • Published on: Jun 02, 2020
  • Modified on: Jun 02, 2020
  • Patch: 4.11.0
  • Difficulty: Easy
Show
View Real Time Build Order
Export as new Build Order

Comments (0)

There are no comments. Be the first!

Create an account to comment!